 Dungeon Crawl Stone Soup version 0.29.1-12-g30fa7ad0bf (webtiles) character file.

Game seed: 3801648215640391987

2896 Radix the Cleaver (level 9, 0/82 HPs)
             Began as a Hill Orc Fighter on Dec 12, 2022.
             Killed from afar by an acid dragon (10 damage)
             ... with a splash of acid
             ... on level 7 of the Dungeon.
             The game lasted 00:55:26 (5972 turns).

Radix the Cleaver (Hill Orc Fighter)                Turns: 5972, Time: 00:55:27

Health: 0/82       AC: 15    Str: 21    XL:     9   Next: 77%
Magic:  9/9        EV:  5    Int: 10    God:
Gold:   360        SH: 19    Dex: 10    Spells: 8/8 levels left

rFire   + . .      SeeInvis .   a - +0 war axe
rCold   + + .      Faith    .   n - +0 tower shield
rNeg    . . .      Spirit   .   l - +6 chain mail "Omiry" {rElec Regen+}
rPois   +          Reflect  +   (no helmet)
rElec   +          Harm     .   L - +1 cloak
rCorr   +          Rampage  .   (no gloves)
Will    .....                   (no boots)
Stlth   ..........              G - amulet of reflection
HPRegen 1.03/turn               y - ring of protection from cold
MPRegen 0.11/turn               (no ring)

@: resistant, corroded
A: no striking features
a: no special abilities


You were on level 7 of the Dungeon.
You visited 1 branch of the dungeon, and saw 7 of its levels.

You collected 360 gold pieces.

Inventory:

Hand Weapons
 a - a +0 war axe (weapon)
 f - a +0 scythe
 H - a +2 trident of venom
 M - a +0 battleaxe
Missiles
 m - 17 poisoned darts (quivered)
 o - 3 atropa-tipped darts
 t - 2 throwing nets
 A - 4 javelins
Armour
 b - a +0 cloak
 l - the +6 chain mail "Omiry" (worn) {rElec Regen+}
   (You found it on level 2 of the Dungeon)

   rElec:     It insulates you from electricity.
   Regen:     It increases your rate of health regeneration.
 n - a +0 tower shield (worn)
 J - +0 steam dragon scales
 L - a +1 cloak (worn)
Jewellery
 u - an amulet of faith
 y - a ring of protection from cold (left hand)
 G - an amulet of reflection (around neck)
Wands
 c - a wand of paralysis (8)
 w - a wand of digging (10)
 F - a wand of polymorph (12)
Scrolls
 e - 2 scrolls of butterflies {unknown}
 g - 5 scrolls of teleportation {unknown}
 i - 2 scrolls of enchant armour {unknown}
 j - a scroll of enchant weapon {unknown}
 s - a scroll of noise {unknown}
 v - 7 scrolls of identify {unknown}
 z - a scroll of amnesia {unknown}
 D - 2 scrolls of immolation {unknown}
 E - 2 scrolls of fear {unknown}
 K - a scroll of torment {unknown}
Potions
 d - a potion of might
 h - 3 potions of lignification {unknown}
 k - 3 potions of mutation {unknown}
 p - 2 potions of heal wounds {unknown}
 r - 2 potions of cancellation {unknown}
 x - 2 potions of degeneration {unknown}
 B - a potion of invisibility
 C - a potion of berserk rage {unknown}
 I - a potion of attraction {unknown}
 N - a potion of magic {unknown}
 O - 2 potions of curing {unknown}


   Skills:
 + Level 8.8 Fighting
 + Level 9.0 Axes
 + Level 7.9 Armour
 + Level 7.9 Shields


You had 8 spell levels left.
You didn't know any spells.
Your spell library contained the following spells:

 Spells                   Type           Power      Damage    Failure   Level
 Poisonous Vapours        Pois/Air       0%         N/A       100%        2
 Sublimation of Blood     Necr           0%         N/A       100%        2
 Corpse Rot               Necr/Pois/Air  0%         N/A       100%        4
 Petrify                  Tmut/Erth      0%         N/A       100%        4
 Blade Hands              Tmut           0%         N/A       100%        5
 Irradiate                Conj/Tmut      0%         3d11      100%        5
 Dragon Form              Tmut           0%         N/A       100%        7


Dungeon Overview and Level Annotations

Branches:
Dungeon (7/15)             Temple (0/1) D:6

Altars:
Ashenzari
Dithmenos
Hepliaklqana
Nemelex Xobeh
Okawaru
Trog
Xom


Message History

You block the black bear's attack. x2
The black bear claws you but does no damage.
You closely miss the acid dragon.
The acid dragon is moderately wounded.
You closely miss the orc warrior. You completely miss the black bear.
You block the black bear's attack. x2
The black bear claws you but does no damage.
You block the orc warrior's attack. The acid dragon bites you.
The acid dragon claws you but does no damage.
You barely miss the acid dragon.
The acid dragon is moderately wounded.
You hit the orc warrior.
You hit the black bear but do no damage.
The black bear bites you. You block the black bear's attack. x2
The orc warrior hits you with a +0 long sword!
* * * LOW HITPOINT WARNING * * *
You block the acid dragon's attack. The acid dragon barely misses you.
You feel protected. You block the black bear's attack. x3
The orc warrior hits you but does no damage.
The acid dragon bites you but does no damage.
The acid dragon claws you.
* * * LOW HITPOINT WARNING * * *
You barely miss the acid dragon.
The acid dragon is moderately wounded.
You barely miss the orc warrior.
You hit the black bear but do no damage.
The black bear bites you.
* * * LOW HITPOINT WARNING * * *
You block the black bear's attack. The black bear claws you.
* * * LOW HITPOINT WARNING * * *
The orc warrior hits you with a +0 long sword.
* * * LOW HITPOINT WARNING * * *
The acid dragon bites you but does no damage.
You block the acid dragon's attack.
The orc warrior hits you with a +0 long sword.
* * * LOW HITPOINT WARNING * * *
The acid dragon spits acid at you. The splash of acid hits you! You resist.
You die...

..##.. .# .... #.....
.. .. .... #.... ... ..
##... .... ...> ..
.?... #..##...... ..
#..... ##.......... .
##....##.........o.
.......D....##... ..
##.?$h@o..#.#.#### .#
#.......#..........
......###....####.
..............#.##.
###..####.......#..
#..## ##.........
#...####.........
####..###........).#
####......##..........#


You could see an orc warrior, a black bear and an acid dragon (catching breath).

Vanquished Creatures
  Sigmund (D:2)
  A steam dragon (D:6)
  Duvessa (D:5)
  An ice beast (D:7)
  An orc warrior (D:7)
  3 black bears (D:6)
  A sky beast (D:7)
  An ogre (D:5)
  A centaur (D:7)
  The ghost of Jingleheimer the Twirler, an amateur TeGl (D:3)
  2 necrophages
  A bullfrog (D:6)
  3 scorpions
  4 wights (D:7)
  Dowan (D:5)
  2 jellies
  A gnoll bouda (D:5)
  4 orc priests
  Crazy Yiuf (D:3)
  5 hounds
  5 orc wizards
  Jessica (D:3)
  5 iguanas
  Natasha (thrice) (D:3)
  Terence (D:2)
  14 gnolls
  7 adders
  2 white imps (D:6)
  An ufetubus (D:4)
  3 worms
  2 dart slugs (D:3)
  18 orcs
  8 ball pythons
  8 endoplasms
  A giant cockroach (D:3)
  23 goblins
  9 hobgoblins
  4 quokkas
  5 bats
  2 frilled lizards (D:2)
  6 kobolds
  5 rats
169 creatures vanquished.

Notes
Turn   | Place    | Note
-------+----------+-------------------------------------------
     0 | D:1      | Radix the Hill Orc Fighter began the quest for the Orb.
     0 | D:1      | Reached XP level 1. HP: 19/19 MP: 1/1
   158 | D:1      | Reached skill level 3 in Axes
   158 | D:1      | Reached XP level 2. HP: 23/27 MP: 2/2
   653 | D:1      | Reached XP level 3. HP: 30/33 MP: 3/3
  1062 | D:1      | Found a sparkling altar of Nemelex Xobeh.
  1131 | D:2      | Identified the +6 chain mail "Omiry" {rElec Regen+}
  1177 | D:2      | Found a faded altar of an unknown god.
  1308 | D:2      | Noticed Sigmund
  1386 | D:2      | Killed Sigmund
  1387 | D:2      | Reached skill level 5 in Fighting
  1387 | D:2      | Reached skill level 4 in Axes
  1387 | D:2      | Reached XP level 4. HP: 35/42 MP: 4/4
  1387 | D:2      | Reached XP level 5. HP: 40/48 MP: 5/5
  1412 | D:2      | Reached XP level 6. HP: 56/56 MP: 6/6
  1868 | D:2      | Noticed Terence
  1877 | D:2      | Killed Terence
  2079 | D:3      | Noticed Natasha
  2098 | D:3      | Killed Natasha
  2099 | D:3      | Reached skill level 5 in Axes
  2128 | D:3      | Noticed Jessica
  2130 | D:3      | Killed Jessica
  2147 | D:3      | Noticed Natasha
  2153 | D:3      | Killed Natasha
  2208 | D:3      | Found a runed translucent door.
  2209 | D:3      | Noticed Crazy Yiuf
  2224 | D:3      | Killed Crazy Yiuf
  2225 | D:3      | Reached skill level 5 in Armour
  2326 | D:3      | Noticed Natasha
  2334 | D:3      | Killed Natasha
  2335 | D:3      | Reached skill level 5 in Shields
  2335 | D:3      | Reached XP level 7. HP: 61/61 MP: 7/7
  2361 | D:3      | Found a transporter.
  2361 | D:3      | Noticed Jingleheimer's ghost (amateur TeGl)
  2364 | D:3      | Found a transporter.
  2397 | D:3      | Killed Jingleheimer's ghost
  2684 | D:4      | Found an iron altar of Okawaru.
  3216 | D:4      | Reached skill level 6 in Axes
  3632 | D:5      | Entered Level 5 of the Dungeon
  3683 | D:5      | Found a shadowy altar of Dithmenos.
  3725 | D:5      | Reached XP level 8. HP: 68/71 MP: 8/8
  4446 | D:5      | Reached skill level 7 in Axes
  4544 | D:5      | Found a bloodstained altar of Trog.
  4645 | D:5      | Noticed Dowan
  4646 | D:5      | Noticed Duvessa
  4659 | D:5      | Killed Duvessa
  4682 | D:5      | Killed Dowan
  4947 | D:6      | Found a broken altar of Ashenzari.
  5008 | D:6      | Found a shimmering altar of Xom.
  5010 | D:6      | Found a hazy altar of Hepliaklqana.
  5011 | D:6      | Noticed a spectral ugly thing
  5169 | D:6      | Reached XP level 9. HP: 73/80 MP: 9/9
  5276 | D:6      | Reached skill level 8 in Axes
  5413 | D:6      | Found a staircase to the Ecumenical Temple.
  5904 | D:7      | Reached skill level 9 in Axes
  5972 | D:7      | Killed from afar by an acid dragon

Illustrated notes

Levels and vault maps discovered:
D:1:      dpeg_arrival_water_altar, layout_loops_corners, serial_rivers,
          chequers_serial_rivers_micro_d, chequers_serial_rivers_micro_e,
          chequers_serial_rivers_large_b, chequers_serial_rivers_marsh,
          chequers_serial_rivers_room_b
D:2:      layout_basic, chequers_ecumenical_altar_simple, minmay_pentomino_q4,
          uniq_terence, uniq_sigmund
D:3:      layout_rooms, gammafunk_ghost_arena, uniq_crazy_yiuf_cottage,
          uniq_jessica, uniq_natasha
D:4:      cheibrodos_greedy_goblins, layout_loops_corners,
          nicolae_overflow_hidden_temple, lemuel_doored_altar
D:5:      wad_crossroads, layout_basic, trog_hazing_becter,
          nicolae_dithmenos_shadow_blocks, uniq_duvessa
D:6:      layout_loops_ring, regret_index_temple_of_mockery,
          lemuel_crystal_altar, temple_statues
D:7:      layout_cave_pools, gammafunk_temple_overflow_claw,
          dilly_guarded_unrand_throatcut

Skill      XL: |  1  2  3  4  5  6  7  8  9 |
---------------+----------------------------+-----
Axes           | 3 4 5 6 7 9 |  9.0
Fighting       | 4 5 6 7 8 |  8.8
Armour         | 4 5 6 7 |  7.9
Shields        | 4 5 6 7 |  7.9

Action                   |  1- 3 |  4- 6 |  7- 9 || total
-------------------------+-------+-------+-------++-------
Melee: War axe           |    94 |    91 |   454 ||   639
Throw: Dart              |     2 |     6 |    10 ||    18
  Use: Potion            |       |       |     2 ||     2
 Stab: Invisible         |       |     1 |       ||     1
Armor: Scale mail        |    25 |       |       ||    25
       Chain mail        |    30 |    65 |   293 ||   388
Dodge: Dodged            |    36 |    12 |    65 ||   113
Block: Buckler           |    21 |     1 |       ||    22
       Tower shield      |       |    84 |   430 ||   514
       Reflection        |       |       |     6 ||     6
